 Dungeon Crawl Stone Soup version 0.26.0-16-gc1dbca0489 (webtiles) character file.

Game seed: 5717567217082603910

53 feorh the Chopper (level 3, -1/33 HPs)
             Began as a Hill Orc Berserker on Jan 20, 2021.
             Was a Believer of Trog.
             Slain by an orc
             ... wielding a +0 short sword
              (7 damage)
             ... on level 3 of the Dungeon.
             The game lasted 00:04:44 (2201 turns).

feorh the Chopper (Hill Orc Berserker)              Turns: 2201, Time: 00:04:44

Health: -1/33      AC:  3    Str: 20    XL:     3   Next: 89%
Magic:  3/3        EV: 12    Int:  7    God:    Trog [**....]
Gold:   107        SH:  0    Dex: 10    Spells: 2/2 levels left

rFire    . . .     SeeInvis .   a - +0 hand axe
rCold    . . .     Faith    .   (no shield)
rNeg     . . .     Spirit   .   b - +0 animal skin
rPois    .         Reflect  .   (no helmet)
rElec    .         Harm     .   d - +0 cloak
rCorr    .         Rampage  .   (no gloves)
Will     .....                  (no boots)
Stlth    +.........             (no amulet)
HPRegen  0.11/turn              (no ring)
MPRegen  0.08/turn              (no ring)

@: no status effects
A: no striking features
a: Renounce Religion, Berserk, Trog's Hand


You were on level 3 of the Dungeon.
You worshipped Trog.
Trog was pleased with you.
You visited 1 branch of the dungeon, and saw 4 of its levels.

You collected 107 gold pieces.

Inventory:

Hand Weapons
 a - a +0 hand axe (weapon)
Missiles
 e - 84 stones (quivered)
Armour
 b - a +0 animal skin (worn)
 d - a +0 cloak (worn)
Jewellery
 i - an uncursed ring of resist corrosion {unknown}
 n - an uncursed ring of see invisible {unknown}
Scrolls
 f - 2 scrolls of identify {unknown}
 j - 2 scrolls of random uselessness {unknown}
 l - a scroll of remove curse {unknown}
Potions
 c - a potion of heal wounds {unknown}
 g - 2 potions of berserk rage {unknown}
 h - a potion of brilliance {unknown}
 k - 3 potions of mutation {unknown}
 m - a potion of might {unknown}
 o - a potion of curing {unknown}


   Skills:
 + Level 4.1 Fighting
 * Level 5.4 Axes
 + Level 2.4 Armour
 + Level 1.8 Dodging


You had 2 spell levels left.
You didn't know any spells.
Your spell library was empty.

Dungeon Overview and Level Annotations

Branches:
Dungeon (4/15)             Temple (0/1) D:4

Altars:
Ashenzari
Okawaru
Vehumet

Annotations:
D:3 3 runed translucent doors, Majorwet's ghost, amateur HOFi


Message History

The orc closely misses you.
You hit the orc but do no damage.
The orc is heavily wounded.
The orc hits you with a +0 hand axe.
You hit the orc but do no damage.
The orc is heavily wounded.
The orc hits you from afar with a +0 trident!
You hit the orc but do no damage.
The orc is heavily wounded.
The orc hits you with a +0 hand axe.
The orc hits you from afar with a +0 trident.
The orc barely misses you. The orc completely misses you.
The orc hits you from afar with a +0 trident!
* * * LOW HITPOINT WARNING * * *
You climb upwards.
Level annotation: 3 runed translucent doors, Majorwet's ghost, amateur HOFi
There is a stone staircase leading down here.
You closely miss the orc. You hit the orc but do no damage.
The orc hits you with a +0 short sword!
You die...

#..#.#####..#
#.#######...
#..#.#####..# #.# #..#
#).......#..# #.# #.).
#..#.###.#..# #.# #.##
#..#........# #.# #.#
#..#####.#.## #.# #.#
#..#####.#.# #.# ###
##..........########.#
#[........####@o.....#
#..######## #o#######
##.#.#####.## #.#
##.###.)....># #.#
#.## ##.###.## #.#
##.###.## #.# #.#
##.#.## #.# #.# ###.##
#.# #.# #...# #.#


You could see 2 orcs.

Vanquished Creatures
  An ooze (D:2)
  2 dart slugs (D:1)
  2 leopard geckos
  An orc (D:4)
  8 bats
  2 giant cockroaches
  5 hobgoblins
  A quokka (D:3)
  4 frilled lizards
  4 goblins
  5 kobolds
  8 rats
43 creatures vanquished.

Notes
Turn   | Place    | Note
-------+----------+-------------------------------------------
     0 | D:1      | feorh the Hill Orc Berserker began the quest for the Orb.
     0 | D:1      | Reached XP level 1. HP: 19/19 MP: 1/1
   181 | D:1      | Reached XP level 2. HP: 17/27 MP: 2/2
   572 | D:1      | Reached XP level 3. HP: 33/33 MP: 3/3
   716 | D:1      | Reached ** piety under Trog
   889 | D:2      | Reached skill level 5 in Axes
  1383 | D:2      | Found an iron altar of Okawaru.
  1387 | D:2      | Found a radiant altar of Vehumet.
  1392 | D:2      | Found a broken altar of Ashenzari.
  1945 | D:3      | Found a runed translucent gate.
  1945 | D:3      | Found a runed translucent gate.
  1945 | D:3      | Found a runed translucent gate.
  1948 | D:3      | Noticed Majorwet's ghost (amateur HOFi)
  2193 | D:4      | Found a staircase to the Ecumenical Temple.
  2201 | D:3      | Slain by an orc

Illustrated notes

Levels and vault maps discovered:
D:1:      roderic_chinese_lattice_arrival, layout_basic
D:2:      layout_loops_cross, minmay_overflow_temple_star_quad
D:3:      layout_loops_ring, ebering_ghost_rock_garden, serial_co_window_serial,
          co_window_of_opportunity_a, co_window_corner_a, co_window_corner_a,
          co_window_paths_b, co_window_corner_a, co_window_corner_ca,
          co_window_unsneaky_path_e, co_window_unsneaky_path_d, glass_columns_a,
          nrook_loot_triangle
D:4:      layout_cave_pools, minmay_temple_entry_statues_pillars,
          gammafunk_ghost_cemetery, nemelex_dance_club_becter, uniq_menkaure,
          uniq_edmund

Skill      XL: |  1  2  3 |
---------------+----------+-----
Fighting       | 4 |  4.1
Axes           | 5 |  5.4
Armour         | |  2.4
Dodging        | |  1.8

Action                   || total
-------------------------++-------
Melee: Hand axe          ||   121
Invok: Berserk           ||     1
Armor: Animal skin       ||    21
Dodge: Dodged            ||    87
